 Dungeon Crawl Stone Soup version 0.30.0-29-ga12c61a403 (webtiles) character file.

Game seed: 13537098943230267447

186 Heoruswealwe the Magician (level 5, -1/28 HPs)
             Began as a Deep Elf Earth Elementalist on June 22, 2023.
             Slain by a bullfrog (4 damage)
             ... in a sewer.
             The game lasted 00:14:49 (1656 turns).

Heoruswealwe the Magician (DEEE)                    Turns: 1656, Time: 00:14:50

Health: -1/28      AC:  3    Str:  5    XL:     5   Next: 38%
Magic:  2/15       EV:  9    Int: 22    God:
Gold:   177        SH:  0    Dex: 15    Spells: 5/15 levels left

rFire   + . .        (no weapon)
rCold   . . .        (no shield)
rNeg    . . .        c - +0 robe
rPois   .            (no helmet)
rElec   .            h - +0 cloak
rCorr   .            (no gloves)
SInv    .            (no boots)
Will    .....        (no amulet)
Stlth   ++           k - ring of protection from fire
HPRegen 0.24/turn    (no ring)
MPRegen 0.14/turn

%: no passive effects
@: constricted
A: no striking features
a: no special abilities


You were in a sewer.
You visited 1 branch of the dungeon, and saw 3 of its levels.
You also visited: Sewer.

You collected 177 gold pieces.

Inventory:

Hand Weapons
 o - a +0 arbalest
Armour
 c - a +0 robe (worn)
 h - a +0 cloak (worn)
Jewellery
 k - a ring of protection from fire (left hand)
Wands
 i - a wand of polymorph (4)
Scrolls
 f - a scroll of identify {unknown}
 g - a scroll of blinking {unknown}
 l - a scroll of poison {unknown}
 m - a scroll of fear {unknown}
 p - a scroll of enchant weapon {unknown}
 q - a scroll of fog {unknown}
Potions
 a - a potion of haste {unknown}
 b - a potion of magic
 d - 3 potions of ambrosia {unknown}
 j - a potion of resistance {unknown}
 n - a potion of lignification {unknown}


   Skills:
 - Level 2.4 Dodging
 - Level 2.4 Stealth
 + Level 5.7 Spellcasting
 - Level 1.1 Transmutations
 + Level 5.3 Earth Magic


You had 5 spell levels left.
You knew the following spells:

 Your Spells              Type           Power      Damage    Failure   Level
a - Sandblast             Erth           58%        2d13      1%          1
b - Stone Arrow           Conj/Erth      36%        3d9       10%         3
c - Petrify               Tmut/Erth      20%        N/A       26%         4
z - Passwall              Tmut/Erth      16%        N/A       3%          2

Your spell library contained the following spells:

 Spells                   Type           Power      Damage    Failure   Level
 Lesser Beckoning         Tloc           12%        N/A       14%         2
 Gell's Gravitas          Tloc           6%         N/A       28%         3
 Teleport Other           Tloc           6%         N/A       28%         3


Dungeon Overview and Level Annotations

Branches:
Dungeon (3/15)              Sewer (1/1)

Altars:


Message History

The adder bites you.
You are poisoned.
The adder poisons you! The ball python bites you.
The ball python closely misses you.
The bullfrog snags a nearby small bird with its tongue.
The bullfrog attacks as you move away! The bullfrog barely misses you.
The adder attacks as you move away! The adder bites you but does no damage.
You feel sick.
The bullfrog hits you but does no damage.
The adder closely misses you. The bullfrog misses you.
The bullfrog closely misses you. The adder attacks as you move away!
The adder closely misses you.
You feel sick. The bullfrog hits you. The bullfrog completely misses you.
The bullfrog hits you. The bullfrog barely misses you.
The adder bites you but does no damage. The ball python completely misses you.
The ball python grabs you. The ball python constricts you.
You are too injured to fight recklessly!
Casting: Sandblast (safe; 1% risk of failure)
Confirm with . or Enter, or press ? or * to list all spells.
Aiming: Sandblast (safe; 1% risk of failure)
Press: ? - help, Shift-Dir - straight line, f - adder
Aim: an adder (water, 72% to hit)
The blast of sand misses the adder.
You feel sick.
You are no longer poisoned.
The bullfrog hits you but does no damage. x2
The adder bites you. The ball python bites you.
* * * LOW HITPOINT WARNING * * *
The ball python constricts you.
* * * LOW HITPOINT WARNING * * *
The bullfrog hits you.
* * * LOW HITPOINT WARNING * * *
The bullfrog closely misses you. The adder bites you.
* * * LOW HITPOINT WARNING * * *
As you read the scroll labelled WAQUACWAPPU, it crumbles to dust.
It is a scroll of amnesia.
Really abort (and waste the scroll)?
Okay, then.
The bullfrog closely misses you. The ball python barely misses you.
The ball python constricts you. The bullfrog hits you.
You die...

#~~~~≈~#
#≈≈≈†≈
#~≈≈~~≈#
#≈~†~~
#≈~~~~≈#
#≈~~~≈
#≈~~~~≈#
#~~~≈≈
#≈~~~≈≈#
#~~~~≈
#≈≈~~≈≈#
#≈~...
#≈~≈~≈≈#
#≈~..~
#≈.~≈≈≈#
##~~~.
#≈@S≈≈≈#
#≈≈≈~~
#FFS≈≈≈#
#≈≈≈≈~
#~≈~≈~≈#
#≈~~~~
#≈≈~J≈≈#
#≈≈~≈≈
#≈≈≈~≈≈#
#≈~≈~≈
#≈≈J~≈~#
#~~~≈≈
#≈~~≈≈≈#
#~~~≈≈
##.~~..#
##~..~
......#
#.....


You could see 2 bullfrogs, an adder, 2 endoplasms and a ball python.

Vanquished Creatures
  9 adders
  3 river rats (Sewer)
  A worm (D:2)
  3 dart slugs (D:1)
  4 bats
  5 endoplasms
  2 giant cockroaches (D:3)
  7 goblins
  2 hobgoblins
  3 quokkas
  12 ball pythons
  4 frilled lizards
  4 kobolds
  16 rats
75 creatures vanquished.

Notes
Turn   | Place    | Note
-------+----------+-------------------------------------------
     0 | D:1      | Heoruswealwe the Deep Elf Earth Elementalist began the
                  | quest for the Orb.
     0 | D:1      | Reached XP level 1. HP: 10/10 MP: 6/6
   113 | D:1      | Reached XP level 2. HP: 15/15 MP: 2/8
   117 | D:1      | Learned a level 2 spell: Passwall
   428 | D:2      | Reached XP level 3. HP: 19/19 MP: 5/10
   432 | D:2      | Learned a level 3 spell: Stone Arrow
  1213 | D:3      | Reached XP level 4. HP: 24/24 MP: 10/12
  1285 | D:3      | Found a glowing drain.
  1330 | Sewer    | Entered a sewer
  1416 | Sewer    | Reached skill level 5 in Spellcasting
  1566 | Sewer    | Reached skill level 5 in Earth Magic
  1569 | Sewer    | Reached XP level 5. HP: 25/28 MP: 6/14
  1579 | Sewer    | Learned a level 4 spell: Petrify
  1656 | Sewer    | Slain by a bullfrog

Illustrated notes

Levels and vault maps discovered:
D:1:      dpeg_arrival_rooms_with_view, layout_rooms
D:2:      layout_loops_corners
D:3:      layout_basic, gup_sewer_entry_glass,
          hellmonk_ecumenical_altar_lost_god, minmay_joined_circles
Sewer:    sewer_minmay_w

Skill      XL: |  1  2  3  4 |
---------------+-------------+-----
Spellcasting   | 4 5 |  5.7
Earth Magic    | 4 5 |  5.3
Dodging        | |  2.4
Stealth        | |  2.4
Transmutations | |  1.1

Action                     |  1- 3 |  4- 6 || total
---------------------------+-------+-------++-------
   Cast: Sandblast         |    48 |    54 ||   102
         Passwall          |     2 |       ||     2
    Use: Scroll            |       |     1 ||     1
 Armour: Robe              |     1 |     9 ||    10
  Dodge: Dodged            |     1 |    26 ||    27
